Map: Rorschach LE

Players

Darhalas - Winner!

  • Race: Terran Terran
  • League: Silver

VOD

Have the link to the VOD?

Description

Time

  • Played on: July 6, 2026, 2:58 a.m.
  • Length: 15:06
Show
View Real Time Build Order
Export as new Build Order

Darhalas Terran - Winner!

Build Orders:  

Get SALT Encoding   

  8  0:00  SCV  
  9  0:17  SCV  
  10  0:34  Supply Depot  
  10  0:41  SCV  
  11  0:58  SCV  
  12  1:15  SCV  
  13  1:32  SCV  
  14  1:49  SCV  
  15  2:03  Command Center  
  15  2:09  SCV  
  16  2:26  Barracks  
  16  2:32  SCV  
  17  2:43  Refinery  
  17  2:49  SCV  
  18  2:58  Refinery  
  18  3:06  SCV  
  19  3:23  SCV  
  20  3:40  Barracks, Barracks Tech Lab  
  20  3:45  SCV  
  20  3:47  SCV  
  22  3:56  Engineering Bay  
  22  4:08  Marauder  
  24  4:11  Concussive Shells  
  24  4:16  SCV  
  25  4:42  Factory  
  25  4:48  Engineering Bay  
  25  4:54  Barracks Reactor  
  25  5:04  Supply Depot  
  25  5:14  Orbital Command  
  25  5:19  SCV  
  26  5:38  SCV  
  27  5:49  Armory  
  27  5:53  Factory Tech Lab  
  27  5:55  SCV  
  28  6:01  Supply Depot  
  28  6:16  Marauder, Marine x2  
  28  6:18  Widow Mine  
  32  6:20  SCV  
  32  6:23  SCV  
  36  6:47  Supply Depot  
  36  6:54  Drilling Claws  
  36  6:56  Marauder, Marine x2  
  36  6:59  Refinery  
  40  7:04  Refinery, SCV  
  40  7:08  SCV  
  42  7:26  Widow Mine  
  42  7:30  Starport  
  42  7:39  Marauder, Marine  
  47  7:40  Marine  
  47  7:41  SCV x2  
  47  7:46  Terran Vehicle And Ship Armor Level 1  
  50  8:00  Orbital Command  
  50  8:14  Terran Infantry Weapons Level 1, Terran Infantry Armor Level 1  
  50  8:16  Marauder  
  50  8:18  Marine  
  53  8:20  Marine  
  53  8:22  Widow Mine  
  54  8:30  Supply Depot  
  54  8:36  Starport Reactor  
  54  8:38  SCV x2  
  58  8:52  Widow Mine  
  58  9:00  SCV x2, Marine x2, Marauder  
  66  9:22  Widow Mine  
  66  9:30  SCV x2, Marine x2, Marauder  
  78  10:02  Siege Tank  
  81  10:16  SCV  
  82  10:26  Supply Depot  
  82  10:30  Supply Depot  
  82  10:33  Unknown x2  
  82  10:56  Marine x2, Marauder, SCV  
  93  11:18  Stimpack  
  93  11:21  Marine x2  
  93  11:26  Marauder  
  97  11:32  Terran Infantry Weapons Level 2  
  97  11:33  Terran Infantry Armor Level 2  
  97  11:49  Unknown  
  97  11:56  Unknown  
  93  12:00  Unknown  
  93  12:09  Siege Tank  
  93  12:36  Command Center  
  93  12:39  Marauder  
  95  12:40  Marine x2  
  97  12:55  Refinery  
  97  13:02  Refinery  
  97  13:05  Siege Tank  
  95  13:20  Marauder, Marine  
  98  14:01  Siege Tank  
  98  14:16  Marine  
  111  15:02  Supply Depot  
Tags
 
League
Silver
Matchup
Co-op
Add a new tag
Caveats
  • Supply blocks, unpowered buildings, or Contaminate may cause inaccurate times.
  • Supply counts are checked every 10 seconds.